 Dungeon Crawl Stone Soup version 0.17-a0-1591-g7a45446 (webtiles) character file.

100886 aspy the Black Belt (level 15, 113/113 HPs)
             Began as a Vampire Monk on July 20, 2015.
             Was the Champion of Ru.
             Quit the game on level 2 of the Spider Nest on Dec 16, 2016.
             The game lasted 04:25:51 (38147 turns).

aspy the Black Belt (Vampire Monk)                 Turns: 38147, Time: 04:25:51

Health: 113/113    AC: 17    Str: 10    XL:     15   Next: 81%
Magic:  18/18      EV: 23    Int: 17    God:    Ru [******]
Gold:   669        SH:  8    Dex: 19    Spells: 5 memorised, 1 level left

rFire  + + .     SeeInvis +       - Unarmed
rCold  + . .     Clarity  .     q - +0 mottled dragon armour
rNeg   + . .     SustAt   .     l - +2 buckler {AC+3}
rPois  .         Gourm    .     C - +3 crown of Dyrovepreva {rElec Int+2 SInv}
rElec  +         Spirit   .     D - +2 cloak
rCorr  .         Warding  .     M - +0 pair of gloves
rMut   .         Stasis   .     R - +0 pair of boots of the Blessed Realm {rF+ MR+ Slay+5}
MR     ++...                    Q - amulet of faith
Stlth  ++++......               d - ring of wizardry
                                J - ring of protection from fire

@: very resistant to hostile enchantments, stealthy
A: fangs 3, see invisible, clumsy 1, cold resistance 1, unbreathing, inability
to drink while threatened, hated by all, inability to train armour, no poison
magic, no translocations magic, no transmutations magic, inexperienced 1
a: Bat Form, Draw Out Power, Power Leap, Apocalypse, Renounce Religion


You were on level 2 of the Spider Nest.
You worshipped Ru.
Ru was exalted by your worship.
You were not thirsty.

You visited 4 branches of the dungeon, and saw 29 of its levels.
You also visited: Ice Cave and Volcano.

You collected 4033 gold pieces.
You spent 3364 gold pieces at shops.

Inventory:

Hand weapons
 b - a +5 blowgun
Missiles
 c - 779 stones (quivered)
 m - 63 poisoned needles
 v - a throwing net
Armour
 l - a +2 buckler of protection (worn)
 q - a +0 mottled dragon armour (worn)
 C - the +3 crown of Dyrovepreva (worn) {rElec Int+2 SInv}
   (You found it on level 6 of the Lair of Beasts)

   It affects your intelligence (+2).
   It insulates you from electricity.
   It lets you see invisible.
 D - a +2 cloak (worn)
 M - a +0 pair of gloves (worn)
 R - the +0 pair of boots of the Blessed Realm (worn) {rF+ MR+ Slay+5}
   (You acquired it on level 14 of the Dungeon)

   It affects your accuracy and damage with ranged weapons and melee attacks
   (+5).
   It protects you from fire.
   It affects your resistance to hostile enchantments.
Jewellery
 d - a ring of wizardry (right hand)
 x - an uncursed amulet of clarity
 J - a ring of protection from fire (left hand)
 Q - an amulet of faith (around neck)
 S - an uncursed amulet of regeneration {unknown}
Magical devices
 u - a wand of draining (9)
 H - a wand of polymorph (10)
 I - a wand of heal wounds (4)
 T - a wand of cold (8)
 V - a wand of disintegration (16)
 W - a wand of invisibility (6)
 X - a wand of polymorph (16)
Scrolls
 e - 3 scrolls of blinking
 i - 3 scrolls of immolation
 k - a scroll of torment {unknown}
 n - 6 scrolls of teleportation
 r - 4 scrolls of fear
 w - 3 scrolls of recharging
 B - 6 scrolls of remove curse
 E - a scroll of silence
 F - a scroll of magic mapping
 G - 8 scrolls of fog
 N - 4 scrolls of amnesia
Potions
 a - 6 potions of blood
 f - 5 potions of heal wounds
 g - a potion of cure mutation
 h - 5 potions of flight
 j - 9 potions of curing
 p - 2 potions of brilliance
 z - 4 potions of resistance
 A - 2 potions of agility
 K - 2 potions of magic
 O - 2 potions of ambrosia
Books
 s - a book of Death

   Spells                             Type                      Level
   a - Corpse Rot                     Necromancy                   2
   b - Sublimation of Blood           Necromancy                   2
   c - Agony                          Necromancy                   5
   d - Dispel Undead                  Necromancy                   5
   e - Excruciating Wounds            Charms/Necromancy            5
   f - Bolt of Draining               Conjuration/Necromancy       5
 y - a book of Necromancy

   Spells                             Type                      Level
   a - Pain                           Necromancy                   1
   b - Animate Skeleton               Necromancy                   1
   c - Vampiric Draining              Necromancy                   3
   d - Regeneration                   Charms/Necromancy            3
   e - Animate Dead                   Necromancy                   4
   f - Control Undead                 Necromancy                   4
Miscellaneous
 o - a stone of tremors
 t - a fan of gales


   Skills:
 - Level 9.1 Fighting
 - Level 0.1 Throwing
 - Level 14.7 Dodging
 - Level 6.2 Stealth
 - Level 5.0 Shields
 + Level 20.9 Unarmed Combat
 - Level 2.0 Spellcasting
 - Level 10.6 Necromancy
 - Level 5.1 Evocations


You had one spell level left.
You knew the following spells:

 Your Spells              Type           Power        Failure   Level  Hunger
a - Agony                 Necr           #####...     4%          5    ######.
d - Vampiric Draining     Necr           #####.....   1%          3    ###....
r - Corpse Rot            Necr           N/A          1%          2    ###....
s - Sublimation of Blood  Necr           #####.....   1%          2    ###....
z - Dispel Undead         Necr           #####...     4%          5    ######.


Dungeon Overview and Level Annotations

Branches:
Dungeon (15/15)            Temple (0/1) D:7            Lair (8/8) D:8
 Spider (2/4) Lair:4        Slime (0/6) Lair:7          Orc (4/4) D:11
    Elf (0/3) Orc:3        Vaults (0/5) D:14         Depths (0/5) D:15
  Swamp: Lair:3-6    Shoals: Lair:3-6

Altars:
Cheibriados
Dithmenos
Fedhas
Gozag
Kikubaaqudgha
Okawaru
Qazlal
Ru
Sif Muna
Trog
Xom
Zin
The Shining One
Jiyva

Shops:
D:6 !   D:11 *   Orc:1 *   Orc:3 [%(   Orc:4 [**(!

Annotations:
D:8 patman's ghost, experienced HaBe
D:14 Agnes
Lair:2 Erica
Lair:3 Rupert
Lair:4 exclusion: hydra
Lair:5 exclusion: hydra
Lair:6 exclusion: hydra, Nessos
Lair:7 1 runed door
Spider:1 Asterion


Innate Abilities, Weirdness & Mutations

You have razor-sharp teeth.
You have supernaturally acute eyesight.
You are clumsy. (Dex -2)
You can survive without breathing.
You cannot drink potions while threatened.
You are hated by all.
You cannot train Armour skill.
You cannot study or cast Poison magic.
You cannot study or cast Translocations magic.
You cannot study or cast Transmutations magic.
You are somewhat inexperienced (-2 XL).
Your flesh is cold resistant.


Message History

You kill the torpor snail!
You feel yourself speed up.
No target in view!
You see here a beef jerky.
A redback comes into view.
A redback is nearby!
The redback misses you.
You redirect the redback's attack!
The redback misses itself.
You strike the helpless redback from a blind spot!
You pummel the redback!!
The redback is severely wounded.
The redback completely misses you.
You pummel the redback!!
You kill the redback!
Welcome back, aspy the Vampire Monk.
Ru says: Sacrifice that you might gain great power!
Press ? for a list of commands and other information.
Unknown command.
Are you sure you want to abandon this character and quit the game? (Confirm with "yes".)

######...........###
#...###..# .#
##...†##[.....####...##..#
.# ##....##..#...# #....####
## ####^##...##..# #....#
#..###...#########..##
#........### #.†...#
##.....###.## #...####
#..#...##†..# ##(.##.##
####....##@.## #...#...##
#.....#...^####.....^.#
###...##...##.##....####
#.^..####..#^..#....#.##
###..##(.##....##^...#..###
##...##...#.^....####/...#^#
#.....##....###...#...^....#
##..###.......#...##..##..##
#......##...##....####....#


There were no monsters in sight!

Vanquished Creatures
  A fire giant (D:15)
  An emperor scorpion (Spider:1)
  The ghost of Stick the Blocker, a powerful FoFi of Cheibriados (Spider:1)
  A fire dragon (D:15)
  3 ogre magi
  The ghost of herpmino the Cleaver, a powerful DsGl of Okawaru (D:12)
  An entropy weaver (Spider:2)
  A hydra (Lair:7)
  3 ice dragons
  Erolcha (Volcano)
  A catoblepas (Lair:7)
  4 centaur warriors
  4 tengu warriors
  A queen ant (Lair:4)
  20 death yaks
  A deep elf knight (D:14)
  2 deep trolls (Orc:4)
  An unseen horror (D:13)
  9 hill giants
  2 ice statues (IceCv)
  2 wolf spiders
  A hornet (Spider:2)
  A wolf spider zombie (D:15)
  A lindwurm (Lair:8)
  2 griffons (D:13)
  4 orc knights
  An orc sorcerer (Orc:2)
  5 ugly things
  6 cyclopes
  A manticore (D:14)
  2 orb spiders (Spider:2)
  4 centaur zombies
  7 elephants
  Maurice (D:11)
  Joseph (D:9)
  6 black mambas
  14 spiny frogs
  2 sirens (Lair:3)
  5 kobold demonologists
  8 torpor snails
  7 komodo dragons
  A gargoyle (D:14)
  6 fire drakes
  4 yaktaurs (D:14)
  3 demonic crawlers
  A jumping spider (D:15)
  3 deep elf priests
  2 merfolk (Lair:3)
  A polar bear (D:12)
  5 blink frogs
  14 trolls
  2 boulder beetles
  2 giant leeches (Lair:8)
  A raiju (shapeshifter) (D:15)
  12 two-headed ogres
  8 slime creatures
  A centaur simulacrum (D:12)
  2 wyverns
  2 deep elf magi
  A wraith (D:8)
  6 tarantellas
  9 redbacks
  2 trapdoor spiders (Spider:2)
  A shadow (D:11)
  2 fire bats (Volcano)
  3 hungry ghosts
  30 yaks
  A human (D:9)
  2 basilisks
  A warg (Orc:4)
  14 hippogriffs
  7 wolves
  A steam dragon (Lair:3)
  3 deep elf fighters (D:15)
  3 mottled dragons
  2 sky beasts
  5 soldier ants (Lair:4)
  19 water moccasins
  3 black bears
  9 porcupines
  14 orc warriors
  22 spiders
  25 ogres
  2 necrophages
  5 wasps
  An eye of draining (D:15)
  2 phantoms
  25 ice beasts
  14 centaurs
  19 giant frogs
  3 brain worms (Lair:8)
  5 big kobolds
  A water moccasin zombie (D:6)
  An earth elemental (D:11)
  18 crocodiles
  A scorpion (D:7)
  A wyvern skeleton (D:8)
  12 killer bees
  A water moccasin skeleton (D:6)
  8 electric eels
  A vampire bat (D:5)
  13 wights
  10 crimson imps
  14 orc priests
  A wasp zombie (D:8)
  2 giant frog zombies
  5 hounds
  A quasit (D:9)
  8 iguanas
  11 centaur skeletons
  3 jellies
  A gnoll shaman (D:7)
  16 worker ants
  A giant frog skeleton (D:10)
  Terence (D:3)
  24 orc wizards
  A wyvern simulacrum (D:12)
  17 sheep
  3 giant frog simulacra (D:12)
  3 hound skeletons
  A worker ant zombie (D:11)
  4 gnolls (D:7)
  49 river rats
  11 adders
  2 shadow imps (D:15)
  7 white imps (D:12)
  An ufetubus (D:12)
  2 adder skeletons (D:4)
  21 worms
  3 giant geckos
  163 orcs
  A bat zombie (D:6)
  6 giant cockroaches
  22 goblins
  23 hobgoblins
  10 jackals
  2 quokkas (D:2)
  2 ball pythons
  25 bats
  A giant gecko skeleton (D:4)
  10 giant newts
  21 kobolds
  47 rats
  5 fungi (Lair:8)
  16 plants
1105 creatures vanquished.

Vanquished Creatures (others)
  A death yak (Lair:7)
  A cyclops (Orc:4)
  A yaktaur (D:14)
  A spiny frog (Lair:7)
  A troll (Orc:4)
  A two-headed ogre (Orc:4)
  A slime creature (D:13)
  2 porcupines
  2 centaurs (D:6)
  An orc priest (Orc:3)
  A giant frog skeleton (D:11)
  An orc wizard (D:7)
  A sheep (Orc:2)
  2 river rats (Lair:8)
  An ufetubus (D:12)
  4 orcs
  A kobold (D:14)
  59 fungi
  50 plants
132 creatures vanquished.

Grand Total: 1237 creatures vanquished

Notes
Turn   | Place    | Note
--------------------------------------------------------------
     0 | D:1      | aspy the Vampire Monk began the quest for the Orb.
     0 | D:1      | Reached XP level 1. HP: 17/17 MP: 1/1
    94 | D:1      | Found a shimmering altar of Xom.
   209 | D:1      | Reached XP level 2. HP: 21/23 MP: 2/2
   261 | D:1      | Reached skill level 5 in Unarmed Combat
   922 | D:2      | Reached XP level 3. HP: 23/28 MP: 3/3
  1373 | D:2      | Reached skill level 6 in Unarmed Combat
  1723 | D:3      | Reached XP level 4. HP: 34/34 MP: 4/4
  1784 | D:3      | Noticed Terence
  2308 | D:3      | Killed Terence
  2308 | D:3      | Reached XP level 5. HP: 30/39 MP: 5/5
  2384 | D:4      | Noticed a phantom
  2415 | D:4      | Reached skill level 7 in Unarmed Combat
  2766 | D:4      | Reached skill level 8 in Unarmed Combat
  2766 | D:4      | Reached XP level 6. HP: 38/46 MP: 6/6
  2956 | D:4      | Got a shimmering shield
  3239 | D:4      | Killed a phantom
  3372 | D:5      | Entered Level 5 of the Dungeon
  3384 | D:4      | Reached skill level 9 in Unarmed Combat
  3486 | D:5      | Reached XP level 7. HP: 22/51 MP: 7/7
  4215 | D:5      | Found a stormy altar of Qazlal.
  4240 | D:5      | Reached skill level 5 in Dodging
  4537 | D:6      | Identified a scroll of acquirement
  4573 | D:6      | Reached XP level 8. HP: 54/57 MP: 8/8
  4595 | D:6      | Found Teg Sat's Distillery.
  4639 | D:6      | Bought a potion of curing for 36 gold pieces
  4726 | D:6      | Found a snail-covered altar of Cheibriados.
  4758 | D:6      | Found an ancient bone altar of Kikubaaqudgha.
  4790 | D:6      | Found a glowing silver altar of Zin.
  4790 | D:6      | Found a sacrificial altar of Ru.
  4792 | D:6      | Found an opulent altar of Gozag.
  4793 | D:6      | Found an iron altar of Okawaru.
  4818 | D:6      | Became a worshipper of Ru the Awakened
  4837 | D:6      | Gained mutation: You are hated by all. [Ru sacrifice]
  4837 | D:6      | Acquired Ru's first power
  5120 | D:6      | Reached skill level 10 in Unarmed Combat
  5251 | D:6      | Reached skill level 11 in Unarmed Combat
  5666 | D:7      | Found a staircase to the Ecumenical Temple.
  5738 | D:7      | Reached XP level 9. HP: 46/62 MP: 9/9
  5762 | D:7      | Found a shadowy altar of Dithmenos.
  5903 | D:7      | Found a glowing golden altar of the Shining One.
  5974 | D:7      | Reached skill level 12 in Unarmed Combat
  6850 | D:7      | Reached skill level 13 in Unarmed Combat
  6994 | D:7      | Gained mutation: You cannot study or cast Poison magic. [Ru sacrifice]
  6994 | D:7      | Gained mutation: You cannot study or cast Transmutations magic. [Ru sacrifice]
  6994 | D:7      | Gained mutation: You cannot study or cast Translocations magic. [Ru sacrifice]
  6994 | D:7      | Acquired Ru's second power
  7214 | D:8      | Found a staircase to the Lair.
  7291 | D:8      | Reached skill level 5 in Fighting
  7358 | D:8      | Noticed patman's ghost (experienced HaBe)
  7387 | D:8      | Found a blossoming altar of Fedhas.
  7766 | D:8      | Reached XP level 10. HP: 76/76 MP: 10/10
  7858 | Lair:1   | Entered Level 1 of the Lair of Beasts
  9000 | Lair:1   | Reached skill level 14 in Unarmed Combat
  9308 | Lair:2   | Noticed Erica
  9478 | Lair:2   | You fall through a shaft!
  9564 | Lair:1   | Gained mutation: You cannot drink potions while threatened. [Ru sacrifice]
  9564 | Lair:1   | Acquired Ru's third power
  9617 | Lair:2   | Reached XP level 11. HP: 23/81 MP: 11/11
  9913 | Lair:3   | Noticed a black mamba
  9919 | Lair:3   | Killed a black mamba
  9919 | Lair:3   | Reached skill level 10 in Dodging
  9929 | Lair:3   | Noticed a siren
  9998 | Lair:3   | Found a dark tunnel.
 10005 | Volcano  | Entered a volcano
 10215 | Volcano  | Found a burning altar of Makhleb.
 10215 | Volcano  | Noticed Erolcha
 10221 | Volcano  | Noticed a hill giant
 10236 | Volcano  | Killed a hill giant
 10253 | Volcano  | Killed Erolcha
 10258 | Volcano  | Noticed a hill giant
 10271 | Volcano  | Killed a hill giant
 10494 | Lair:3   | Reached skill level 15 in Unarmed Combat
 10590 | Lair:3   | Killed a siren
 10667 | Lair:3   | Noticed a siren
 10680 | Lair:3   | Killed a siren
 10795 | Lair:3   | Noticed Rupert
 11108 | Lair:4   | Identified the -2 shield of Tetwi {rPois MP+9} (You found it on level 4 of the Dungeon)
 11149 | Lair:4   | Reached skill level 16 in Unarmed Combat
 11154 | Lair:4   | Found a hole to the Spider Nest.
 11357 | Lair:4   | Found a blossoming altar of Fedhas.
 11358 | Lair:4   | Noticed an eight-headed hydra
 11657 | Lair:4   | Reached XP level 12. HP: 92/92 MP: 12/12
 11678 | Lair:4   | Gained mutation: You are somewhat inexperienced (-2 XL). [Ru sacrifice]
 11678 | Lair:4   | Reached XP level 11. HP: 65/86 MP: 11/11
 11678 | Lair:4   | Reached XP level 10. HP: 65/80 MP: 10/10
 11678 | Lair:4   | Acquired Ru's fourth power
 11678 | Lair:4   | Acquired Ru's fifth power
 11980 | Lair:4   | Noticed a queen ant
 11988 | Lair:4   | Killed a queen ant
 12836 | Lair:5   | Noticed a six-headed hydra
 13478 | Lair:6   | Noticed an eight-headed hydra
 13499 | Lair:6   | Noticed Nessos
 13629 | Lair:6   | Learned a level 2 spell: Corpse Rot
 13635 | Lair:6   | Learned a level 5 spell: Dispel Undead
 13654 | Lair:6   | Reached XP level 11. HP: 56/86 MP: 11/11
 13897 | Lair:6   | Reached skill level 1 in Necromancy
 13924 | Lair:6   | Gained mutation: You cannot train Armour skill. [Ru sacrifice]
 14124 | Lair:6   | Got a pitted leather armour
 14135 | Lair:6   | Identified the +0 leather armour "Ighenu" {MR+} (You found it on level 6 of the Lair of Beasts)
 14281 | Lair:6   | Noticed a black mamba
 14290 | Lair:6   | Killed a black mamba
 14416 | Lair:6   | Upgraded the game from 0.17-a0-1562-g9b2c768 to 0.17-a0-1572-g7a1422d
 14500 | Lair:6   | Reached skill level 5 in Necromancy
 14826 | Lair:7   | Reached skill level 1 in Spellcasting
 15002 | Lair:7   | Noticed a death yak
 15002 | Lair:7   | Noticed a death yak
 15003 | Lair:7   | Noticed a death yak
 15005 | Lair:7   | Noticed a five-headed hydra
 15075 | Lair:7   | Found a runed door.
 15092 | Lair:7   | Found a viscous altar of Jiyva.
 15092 | Lair:7   | Noticed an acid blob
 15130 | Lair:7   | Found a frozen archway.
 15135 | IceCv    | Entered an ice cave
 15209 | IceCv    | Noticed an ice statue
 15209 | IceCv    | Noticed an ice statue
 16271 | IceCv    | Killed an ice statue
 16288 | IceCv    | Killed an ice statue
 16495 | IceCv    | Noticed an ice dragon
 16495 | IceCv    | Noticed an ice dragon
 16510 | IceCv    | Killed an ice dragon
 16514 | IceCv    | Killed an ice dragon
 16514 | IceCv    | Reached XP level 12. HP: 92/92 MP: 6/15
 17177 | Lair:7   | Noticed a death yak
 17178 | Lair:7   | Noticed a death yak
 17185 | Lair:7   | Noticed a death yak
 17190 | Lair:7   | Noticed a death yak
 17191 | Lair:7   | Killed a death yak
 17198 | Lair:7   | Killed a death yak
 17198 | Lair:7   | Killed a death yak
 17198 | Lair:7   | Reached skill level 10 in Necromancy
 17202 | Lair:7   | Killed a death yak
 17270 | Lair:7   | Killed a death yak
 17628 | Lair:7   | Noticed a catoblepas
 17677 | Lair:7   | Killed a catoblepas
 18095 | Lair:7   | Found a staircase to the Slime Pits.
 18177 | Lair:6   | Gained mutation: You are clumsy. (Dex -2) [Ru sacrifice]
 18400 | Lair:7   | Killed a five-headed hydra
 18556 | Lair:7   | Killed a death yak
 18758 | Lair:7   | Killed a death yak
 19058 | Lair:8   | Entered Level 8 of the Lair of Beasts
 19443 | Lair:8   | Reached skill level 17 in Unarmed Combat
 19443 | Lair:8   | Reached XP level 13. HP: 73/98 MP: 16/16
 21635 | Lair:8   | Found a runed door.
 22545 | Lair:8   | Noticed an ice dragon
 22558 | Lair:8   | Killed an ice dragon
 23179 | Lair:2   | Noticed a black mamba
 23195 | Lair:2   | Killed a black mamba
 23577 | Lair:2   | Reached skill level 18 in Unarmed Combat
 23654 | D:8      | Found an ancient bone altar of Kikubaaqudgha.
 24538 | D:9      | Noticed Joseph
 24555 | D:9      | Killed Joseph
 24867 | D:9      | Reached XP level 14. HP: 106/106 MP: 17/17
 24896 | D:9      | Found a deep blue altar of Sif Muna.
 24955 | D:10     | Entered Level 10 of the Dungeon
 26105 | D:10     | Gained mutation: Your flesh is cold resistant. [potion of beneficial mutation]
 26553 | D:11     | Noticed Maurice
 26568 | D:11     | Killed Maurice
 26639 | D:11     | Reached skill level 5 in Stealth
 26648 | D:11     | Found a staircase to the Orcish Mines.
 26769 | D:11     | Upgraded the game from 0.17-a0-1572-g7a1422d to 0.17-a0-1591-g7a45446
 26834 | D:11     | Found Ofuruddi's Pet Rocks.
 27089 | D:11     | Bought a stone of tremors for 640 gold pieces
 27184 | D:11     | Reached skill level 1 in Evocations
 27598 | Orc:1    | Entered Level 1 of the Orcish Mines
 28408 | Orc:3    | Found Riatrud's Antique Armour Shop.
 28414 | Orc:3    | Bought a glowing buckler for 153 gold pieces
 28455 | Orc:3    | Found Duaviosh's Food Shop.
 28657 | Orc:3    | Found a staircase to the Elven Halls.
 28722 | Orc:3    | Found Rocve's Antique Weapon Boutique.
 28851 | Orc:3    | Reached skill level 1 in Shields
 29342 | Orc:4    | Entered Level 4 of the Orcish Mines
 29717 | Orc:1    | Found Zyguweno's Assorted Antiques.
 29728 | Orc:1    | Bought a fan of gales for 1120 gold pieces
 29728 | Orc:1    | Bought a scroll of identify for 56 gold pieces
 29781 | Orc:1    | Found a bloodstained altar of Trog.
 30198 | Orc:4    | Found Cumorouf's Armour Shoppe.
 30613 | Orc:4    | Found Giurchyh's Distillery.
 31276 | Orc:4    | Reached skill level 5 in Shields
 31469 | Orc:4    | Found Rususaet's Weapon Shoppe.
 31472 | Orc:4    | Found Wotoarur's General Store.
 31473 | Orc:4    | Bought a potion of agility for 48 gold pieces
 31473 | Orc:4    | Bought a potion of agility for 48 gold pieces
 31473 | Orc:4    | Bought 2 potions of heal wounds for 120 gold pieces
 31473 | Orc:4    | Bought a potion of resistance for 120 gold pieces
 31497 | Orc:4    | Found Awaogil's Assorted Antiques.
 31550 | Orc:4    | Bought a potion of resistance for 250 gold pieces
 31555 | Orc:4    | Bought 2 scrolls of identify for 52 gold pieces
 31555 | Orc:4    | Bought a scroll of enchant armour for 97 gold pieces
 31555 | Orc:4    | Bought a wand of heal wounds (4) for 624 gold pieces
 32360 | D:12     | Reached skill level 5 in Evocations
 32421 | D:12     | Noticed herpmino's ghost (powerful DsGl)
 32561 | D:12     | Killed herpmino's ghost
 33675 | D:13     | Reached XP level 15. HP: 62/113 MP: 18/18
 34047 | D:13     | Reached skill level 19 in Unarmed Combat
 35034 | D:14     | Got a pair of bloodstained boots
 35148 | D:14     | Identified the +0 pair of boots of the Blessed Realm {rF+ MR+ Slay+5} (You acquired it on level 14 of the Dungeon)
 35151 | D:14     | Noticed Agnes
 35265 | D:14     | Found a gate to the Vaults.
 35458 | D:15     | Entered Level 15 of the Dungeon
 35933 | D:15     | Found a staircase to the Depths.
 36163 | D:15     | Reached skill level 20 in Unarmed Combat
 37329 | Spider:1 | Entered Level 1 of the Spider Nest
 37367 | Spider:1 | Noticed Asterion
 37404 | Spider:1 | Noticed Stick's ghost (powerful FoFi)
 37433 | Spider:1 | Killed Stick's ghost
 37841 | Spider:2 | Learned a level 3 spell: Vampiric Draining
 37844 | Spider:2 | Learned a level 2 spell: Sublimation of Blood
 37850 | Spider:2 | Learned a level 5 spell: Agony
 37858 | Spider:2 | Identified a +2 rod of destruction (11/11) (You found it on level 2 of the Spider Nest)
 38147 | Spider:2 | Quit the game

Vault maps used:
D:1:      elethiomel_arrival_diamonds, xom_teletrap_fun
D:3:      minmay_rats_cheesy_pizza, uniq_terence
D:4:      st_stairs_9
D:5:      lemuel_doored_altar, first_bread, roderic_batcave, eino_tiny_chamber,
          solitary_fountain
D:6:      grunt_temple_overflow_open, serial_shops,
          nicolae_shop_window_shopping, centaur_isle
D:7:      grunt_dithmenos_smoke, tso_metal_star,
          minmay_temple_entry_statues_fountains
D:8:      lemuel_crystal_altar, dpeg_lair_monsters, basic_altar
D:9:      led_sif_pool, grunt_livestock, uniq_joseph
D:10:     st_stairs_14
D:11:     orc_0_dummy, minivault_14, guppyfry_shop_earth, uniq_maurice
D:12:     serial_ice, serial_ice_k, serial_ice_b, serial_ice_d, serial_ice_h,
          serial_ice_c, serial_ice_a, serial_ice_g, serial_ice_o, serial_ice_n,
          serial_ice_f, minmay_misc_feat_enclosed
D:14:     hangedman_vaults_entry_quadrant_bands, kennysheep_doodads,
          minmay_misc_feat_more_columns, uniq_agnes
D:15:     grunt_enter_depths_giant_problem, moated_statue, lemuel_flamethrower_2
Lair:1:   grunt_megastairs_4, lemuel_fruit_tree
Lair:2:   beast_lair_carwin_11, uniq_erica
Lair:3:   elwin_shoals_entry_stream, nicolae_volcano_entry_two_sided,
          grunt_megastairs_3, uniq_rupert
Lair:4:   spider_nest_entry_a, basic_altar, wad_woods_antlair
Lair:6:   serial_bayou_shore_b, lemuel_fruit_fields, uniq_nessos
Lair:7:   slime_altar_2, portal_ice_cave_entry_pillars_02, columned_hall_lemuel,
          serial_bayou_lagoon_b, serial_bayou_shore_b, lemuel_fruit_fields
Lair:8:   wormcave, minivault_24, patterned_corridor, grunt_megastairs_2
Spider:1: uniq_asterion
Spider:2: uniq_nikola
Orc:1:    basic_altar, serial_shops, shop
Orc:2:    cheibrodos_orc_bank
Orc:3:    serial_shops, nicolae_shop_overgrown_old_shop, shop, shop,
          nicolae_shop_waterfront, nicolae_shop_waterfront,
          nicolae_orc_pool_cavern
Orc:4:    st_orc_open, serial_shops, shop
IceCv:    ice_cave_small_dragons
Volcano:  volcano_grotto

Action                   |  1- 3 |  4- 6 |  7- 9 | 10-12 | 13-15 || total
-------------------------+-------+-------+-------+-------+-------++-------
Melee: Unarmed           |   113 |   221 |   410 |  1152 |  2197 ||  4093
 Fire: Blowgun           |       |    34 |   105 |   143 |   115 ||   397
Throw: Stone             |    57 |    38 |    23 |    16 |    56 ||   190
 Cast: Corpse Rot        |       |       |       |     4 |     7 ||    11
       Dispel Undead     |       |       |       |       |    27 ||    27
Invok: Sacrifice Love    |       |       |     1 |       |       ||     1
       Sacrifice Arcana  |       |       |     1 |       |       ||     1
       Sacrifice Drink   |       |       |       |     1 |       ||     1
       Sacrifice Experie |       |       |       |     1 |       ||     1
       Power Leap        |       |       |       |     4 |     4 ||     8
       Draw Out Power    |       |       |       |     2 |       ||     2
       Apocalypse        |       |       |       |     3 |     1 ||     4
       Sacrifice Durabil |       |       |       |     1 |       ||     1
       Sacrifice Purity  |       |       |       |     1 |       ||     1
 Abil: End Transformatio |       |       |     2 |     1 |       ||     3
       Bat Form          |       |       |     2 |     1 |       ||     3
Evoke: Wand              |       |       |       |     9 |       ||     9
  Use: Potion            |     1 |     1 |     5 |    26 |    16 ||    49
       Scroll            |     6 |     6 |    12 |    19 |    21 ||    64
 Stab: Sleeping          |     6 |    18 |    34 |    36 |    52 ||   146
       Distracted        |     1 |     2 |     1 |     6 |    21 ||    31
       Invisible         |       |       |     1 |     6 |    10 ||    17
       Fleeing           |       |       |     1 |       |       ||     1
       Paralysed         |       |       |       |    13 |    14 ||    27
  Eat: Corpse            |     9 |     3 |     6 |    19 |    39 ||    76
